 Dungeon Crawl Stone Soup version 0.30-a0-422-g946f4849ff (webtiles) character file.

Game seed: 3138575897593993736

9 lunkers the Slasher (level 2, -2/24 HPs)
             Began as a Meteoran Gladiator on Dec 8, 2022.
             Killed from afar by Natasha (14 damage)
             ... with a bolt of dispelling energy
             ... on level 2 of the Dungeon.
             The game lasted 00:01:02 (368 turns).

lunkers the Slasher (Meteoran Gladiator)             Turns: 368, Time: 00:01:03

Health: -2/24      AC:  4    Str: 15    XL:     2   Next: 41%
Magic:  3/3        EV: 13    Int:  9    God:
Gold:   65         SH:  0    Dex: 15    Spells: 1/1 levels left

rFire   . . .      SeeInvis .    a - +0 long sword
rCold   . . .      Faith    .    (no shield)
rNeg    . . .      Spirit   .    b - +0 leather armour
rPois   .          Reflect  .    c - +0 helmet
rElec   .          Harm     .    (no cloak)
rCorr   .          Rampage  .    (no gloves)
Will    .....                    (no boots)
Stlth   +.........               (no amulet)
HPRegen 0.24/turn                (no ring)
MPRegen 0.08/turn                (no ring)

@: glowing
A: sense surroundings 1, otherworldly, glowing, explore regen
a: no special abilities


You were on level 2 of the Dungeon.
You visited 1 branch of the dungeon, and saw 2 of its levels.

You collected 65 gold pieces.

Inventory:

Hand Weapons
 a - a +0 long sword (weapon)
Missiles
 d - 3 throwing nets
 e - a javelin
Armour
 b - a +0 leather armour (worn)
 c - a +0 helmet (worn)
Scrolls
 f - a scroll of identify {unknown}
 g - a scroll of amnesia {unknown}
 h - a scroll of magic mapping {unknown}
 i - a scroll of immolation {unknown}
Potions
 j - a potion of heal wounds {unknown}


   Skills:
 - Level 2.1 Fighting
 + Level 4.4 Long Blades
 - Level 2.4 Throwing
 - Level 3.6 Dodging


You had one spell level left.
You didn't know any spells.
Your spell library was empty.

Dungeon Overview and Level Annotations

Branches:
Dungeon (2/15) Zot: 823

Altars:

Annotations:
D:2 Jessica, Natasha


Innate Abilities, Weirdness & Mutations

You passively map a small area around you.
You are easily found by Zot.
You glow in the dark.
You regain HP and MP as you explore.


Message History

(D) Dungeon
Where to? (Enter - D:1 @ (x,y), ? - help)
What level of the Dungeon? (default 1, ? - help)
There is a stone staircase leading down here.
You climb downwards.
The endoplasm quivers.
Found 5 gold pieces and a sling.
There is a stone staircase leading up here.
An endoplasm is nearby!
An endoplasm is nearby!
An endoplasm is nearby!
The endoplasm jiggles.
An endoplasm is nearby!
The endoplasm hits you but does no damage.
You slash the endoplasm!
You kill the endoplasm!
You now have 65 gold pieces (gained 5).
Key pressed, stopping explore.
No target in view!
No target in view!
j - a smoky puce potion No target in view!
Natasha and Jessica come into view.
Natasha is carrying a wand of quicksilver (8).
Found 8 gold pieces.
Jessica shouts!
A ball python comes into view.
The ball python hisses angrily.
Natasha closely misses you.
There are monsters nearby!
You barely miss Natasha.
Natasha zaps a wand.
The bolt of dispelling energy hits you!
Ouch! That really hurt!
* * * LOW HITPOINT WARNING * * *
Okay, then.
You hit Natasha.
Natasha is moderately wounded.
Natasha zaps a wand.
The bolt of dispelling energy hits you!
Ouch! That really hurt!
You die...

, ,, * ,* * , , , * * *
, , , . , ,
############.## ,,
..............#
....<..####.#.# ###.. *
*
.......####.#.####$.....
,
.........##.#.#.@h.@....
.......#.##.#.#.##.S...#
.......#.##...#.# ##.##
, * )............##.# **
* ##.#.###.###.##.#
#.#.###.# #.##.# * ** .
.. #...##.##.# *, *
#*.#.,#.........# , ,
*,........#### *, ,


You could see Natasha, Jessica and a ball python.

Vanquished Creatures
  3 endoplasms
  A ball python (D:1)
  2 frilled lizards (D:1)
  3 kobolds (D:1)
  A rat (D:1)
10 creatures vanquished.

Notes
Turn   | Place    | Note
-------+----------+-------------------------------------------
     0 | D:1      | lunkers the Meteoran Gladiator began the quest for the Orb.
     0 | D:1      | Reached XP level 1. HP: 17/17 MP: 2/2
   126 | D:1      | Reached skill level 4 in Long Blades
   151 | D:1      | Reached XP level 2. HP: 24/24 MP: 3/3
   365 | D:2      | Noticed Natasha
   365 | D:2      | Noticed Jessica
   368 | D:2      | Killed from afar by Natasha

Illustrated notes

Levels and vault maps discovered:
D:1:      dpeg_arrival_shelter, layout_basic, serial_shops,
          nicolae_shop_statue_plus, nrook_mini_backslash,
          dreamdust_wishing_well, st_stairs_6, serial_bayou_ford_a
D:2:      layout_loops_cross, basic_ecumenical_altar, uniq_natasha, uniq_jessica

Skill      XL: |  1 |
---------------+----+-----
Long Blades    | 4 |  4.4
Fighting       | |  2.1
Throwing       | |  2.4
Dodging        | |  3.6

Action                   || total
-------------------------++-------
Melee: Long sword        ||    37
Armor: Leather armour    ||    12
Dodge: Dodged            ||    21

Table legend: (Time is in decaauts)
 A = Elapsed time spent in this place.
 B = Non-inter-level travel time spent in this place.
 C = Inter-level travel time spent in this place.
 D = Time resting spent in this place.
 E = Time spent auto-exploring this place.
 F = Levels seen in this place.
 G = Mean time per level.
                   A        B        C        D        E       F      G
               +--------+--------+--------+--------+--------+-----+--------+
         Total |    375 |    358 |     17 |      0 |    283 |   2 |  187.5 |
       Dungeon |    375 |    358 |     17 |      0 |    283 |   2 |  187.5 |
               +--------+--------+--------+--------+--------+-----+--------+

Top non-repeatable levels by time:
     D:1: 337 daAuts
     D:2: 37 daAuts
